 Dungeon Crawl Stone Soup version 0.24-a0-22-g2a401c0 (console) character file.

Game seed: 12599088713847596847

48 Duffy the Chopper (level 3, -2/32 HPs)
             Began as a Naga Gladiator on Feb 1, 2019.
             Slain by a centaur (7 damage)
             ... on level 2 of the Dungeon.
             The game lasted 00:00:48 (1211 turns).

Duffy the Chopper (Naga Gladiator)                  Turns: 1211, Time: 00:00:49

Health: -2/32      AC:  3    Str: 17    XL:     3   Next: 72%
Magic:  3/3        EV: 10    Int:  8    God:
Gold:   16         SH:  0    Dex: 12    Spells: 2/2 levels left

rFire    . . .     SeeInvis +   a - +0 war axe
rCold    . . .     Gourm    .   (no shield)
rNeg     . . .     Faith    .   b - +0 leather armour
rPois    +         Spirit   .   c - +0 helmet
rElec    .         Reflect  .   (no cloak)
rCorr    .         Harm     .   (no gloves)
MR       .....                  (no barding)
Stlth    +.........             (no amulet)
HPRegen  0.10/turn              (no ring)
MPRegen  0.08/turn              (no ring)

@: short of breath, very slow
A: large, see invisible, deformed body, poison resistance, slowness 2, slow
metabolism 1, spit poison 1, AC +1
a: Spit Poison


You were on level 2 of the Dungeon.
You were not hungry.

You visited 1 branch of the dungeon, and saw 2 of its levels.

You collected 16 gold pieces.

Inventory:

Hand Weapons
 a - a +0 war axe (weapon)
Missiles
 d - 3 throwing nets (quivered)
Armour
 b - a +0 leather armour (worn)
 c - a +0 helmet (worn)
Scrolls
 e - a scroll of fog {unknown}
 h - 3 scrolls of teleportation {unknown}
 j - a scroll of enchant armour {unknown}
 l - 2 scrolls of noise {unknown}
 m - a scroll of immolation {unknown}
Potions
 i - 2 potions of curing {unknown}
 k - 2 potions of mutation {unknown}
Comestibles
 f - 2 rations
 g - 2 chunks of flesh


   Skills:
 - Level 2.0 Fighting
 + Level 4.6 Axes
 - Level 1.7 Throwing
 - Level 2.4 Dodging


You had 2 spell levels left.
You didn't know any spells.
Your spell library was empty.

Dungeon Overview and Level Annotations

Branches:
Dungeon (2/15)

Altars:
Hepliaklqana


Innate Abilities, Weirdness & Mutations

You cannot wear boots.
Your serpentine skin is tough. (AC +1)
You have supernaturally acute eyesight. (SInv)
Armour fits poorly on your strangely shaped body.
Your system is resistant to poisons. (rPois)
You cover ground very slowly.
You have a slow metabolism.
You can spit poison.


Message History

You close the door, pushing everything out of the way.
The centaur shoots an arrow.
The arrow closely misses you.
The centaur unwields a +0 shortbow.
The centaur hits you. x2
There is an open door here.
Okay, then.
Unknown command.
Press: ? - help, Shift-Dir - straight line, f - centaur
Aim: a centaur The splash of poison hits the centaur.
The centaur is poisoned.
The centaur is moderately wounded.
You feel slightly more hungry. The centaur hits you.
Adjust (i)tems, (s)pells, or (a)bilities?
Adjust which ability? f - Spit Poison Adjust to which letter? h - Spit Poison You barely miss the centaur.
The centaur is moderately wounded.
The centaur hits you. The centaur hits you!
You die...

##.....## ##.......
##.......## ##(###.###
#....(....####...##.###
+.........+............
#.........####...##.###
##.......## ##.###.#
##..(..## ### #.#
##((.## #%# ##@## ##.##
#c# #...# .s. #...#
#...# #...# ..... #.###
....... #.# ....... #<#
###...#.# #.# ..#


You could see a centaur and a giant cockroach.

Vanquished Creatures
  An adder (D:2)
  3 leopard geckos (D:1)
  3 ball pythons (D:1)
  5 giant cockroaches (D:1)
  5 goblins (D:1)
  2 hobgoblins (D:1)
  3 kobolds (D:1)
  A quokka (D:2)
  5 bats
  3 frilled lizards (D:1)
  2 rats (D:1)
33 creatures vanquished.

Notes
Turn   | Place    | Note
-------+----------+-------------------------------------------
     0 | D:1      | Duffy the Naga Gladiator began the quest for the Orb.
     0 | D:1      | Reached XP level 1. HP: 19/19 MP: 1/1
   171 | D:1      | Reached XP level 2. HP: 23/26 MP: 2/2
   390 | D:1      | Reached skill level 4 in Axes
   571 | D:1      | Reached XP level 3. HP: 32/32 MP: 3/3
  1183 | D:2      | Found a hazy altar of Hepliaklqana.
  1203 | D:2      | Noticed a centaur
  1211 | D:2      | Slain by a centaur

Vault maps used:
D:1:      shiori_arrival_oz
D:2:      lemuel_doored_altar, uniq_jessica

Skill      XL: |  1  2 |
---------------+-------+-----
Axes           | 4 |  4.6
Fighting       | |  2.0
Throwing       | |  1.7
Dodging        | |  2.4

Action                   || total
-------------------------++-------
Melee: War axe           ||    84
 Abil: Spit Poison       ||     1
 Stab: Distracted        ||     1
Armor: Leather armour    ||    43
Dodge: Dodged            ||    72

Table legend:
 A = Non-vault XP
 B = Vault XP
 C = Vault XP percentage of total XP
 D = Non-vault monster count
 E = Vault monster count
 F = Vault count percentage of total count
                 A         B        C        D         E       F
            +---------+---------+-------+---------+---------+-------
      Total |      66 |       3 |   4.3 |      31 |       2 |   6.1
            +---------+---------+-------+---------+---------+-------
        D:1 |      50 |       3 |   5.7 |      28 |       2 |   6.7
        D:2 |      16 |       0 |   0.0 |       3 |       0 |   0.0
            +---------+---------+-------+---------+---------+-------
